 Dungeon Crawl Stone Soup version 0.31.0-4-g52a2dc7128 (webtiles) character file.

Game seed: 4845531044965784689

7669 shadowrider38 the Cleaver (level 10, -1/93 HPs)
             Began as a Minotaur Fighter on Jan 22, 2024.
             Was an Elder of Elyvilon.
             Slain by an unseen horror (5 damage)
             ... on level 10 of the Dungeon.
             The game lasted 00:05:21 (8681 turns).

shadowrider38 the Cleaver (Minotaur Fighter)        Turns: 8681, Time: 00:05:22

Health: -1/93      AC: 19    Str: 25    XL:     10   Next: 99%
Magic:  9/9        EV:  8    Int:  5    God:    Elyvilon [****..]
Gold:   271        SH:  7    Dex: 16    Spells: 9/9 levels left

rFire   . . .        a - +0 war axe (heavy)
rCold   + + .        x - +0 buckler
rNeg    . . .        q - +4 chain mail "Yjeulubb" {Rampage rC+}
rPois   .            (helmet restricted)
rElec   .            (no cloak)
rCorr   .            J - +2 pair of gloves
SInv    .            (no boots)
Will    .....        L - amulet of faith Stlth
                     k - +6 ring of dexterity
HPRegen 0.35/turn    c - ring of protection from cold
MPRegen 0.11/turn

%: rampage, faith
@: about to teleport
A: horns 2, retaliatory headbutt
a: Renounce Religion, Purification, Heal Other, Heal Self


You were on level 10 of the Dungeon.
You worshipped Elyvilon.
Elyvilon was greatly pleased with you.
You visited 1 branch of the dungeon, and saw 10 of its levels.

You collected 612 gold pieces.
You spent 341 gold pieces at shops.

Inventory:

Hand Weapons
 a - a +0 heavy war axe (weapon)
 b - a +0 flail of holy wrath
Missiles
 t - 10 boomerangs (quivered)
 v - 6 javelins
Armour
 f - a +0 cloak
 i - an orb of guile
 q - the +4 chain mail "Yjeulubb" (worn) {Rampage rC+}
   (You bought it in a shop on level 6 of the Dungeon)

   rC+:       It protects you from cold.
   Rampage:   It bestows one free step when moving towards enemies.
 x - a +0 buckler (worn)
 G - an orb of mayhem
 J - a +2 pair of gloves (worn)
Jewellery
 c - a ring of protection from cold (right hand)
 g - a ring of resist corrosion
 k - a +6 ring of dexterity (left hand)
 r - a ring of ice
 L - an amulet of faith (around neck)
Wands
 o - a wand of polymorph (5)
 A - a wand of acid (12)
 B - a wand of mindburst (11)
 E - a wand of charming (13)
 I - a wand of iceblast (6)
 V - a wand of flame (44)
Scrolls
 h - a scroll of blinking {unknown}
 j - a scroll of amnesia
 m - 2 scrolls of poison {unknown}
 s - a scroll of noise
 y - a scroll of fog
 C - a scroll of revelation {unknown}
 F - a scroll of brand weapon
 T - a scroll of teleportation
Potions
 d - a potion of lignification
 e - 5 potions of attraction {unknown}
 l - a potion of invisibility
 n - 3 potions of degeneration {unknown}
 p - 4 potions of enlightenment {unknown}
 u - 2 potions of brilliance
 z - a potion of berserk rage
 D - a potion of cancellation
 H - 2 potions of haste
 K - 2 potions of magic
 Q - 2 potions of curing


   Skills:
 + Level 9.8 Fighting
 * Level 13.0 Axes
 + Level 9.8 Armour
 + Level 9.9 Shields


You had 9 spell levels left.
You didn't know any spells.
Your spell library contained the following spells:

 Spells                   Type           Power      Damage    Failure   Level
 Magic Dart               Conj           0%         1d3       94%         1
 Blink                    Tloc           0%         N/A       98%         2
 Call Imp                 Summ           0%         N/A       98%         2
 Mercury Vapours          Alch/Air       0%         N/A       98%         2
 Dazzling Flash           Conj/Hex       0%         N/A       100%        3
 Hailstorm                Conj/Ice       0%         3d5       100%        3
 Mephitic Cloud           Conj/Alch/Air  0%         N/A       100%        3
 Summon Ice Beast         Ice/Summ       0%         N/A       100%        3
 Volatile Blastmotes      Fire/Tloc      0%         2d10      100%        3
 Fulminant Prism          Conj/Alch      0%         3d5       100%        4
 Iskenderun's Mystic Bla  Conj/Tloc      0%         2d3       100%        4
 Freezing Cloud           Conj/Ice/Air   0%         6-21      100%        5
 Sculpt Simulacrum        Ice/Alch       0%         N/A       100%        6
 Starburst                Conj/Fire      0%         6d3       100%        6
 Maxwell's Capacitive Co  Air            0%         ∞         100%        8


Dungeon Overview and Level Annotations

Branches:
Dungeon (10/15) Zot: 26925  Temple (0/1) D:5            Lair (0/5) D:9
    Orc: D:9-12

Altars:
Cheibriados
Elyvilon
Fedhas
Wu Jian
Yredelemnul
Zin

Shops:
D:1 [   D:6 !:*   D:9 *

Portals:
Abyss: D:4

Annotations:
D:4 2 transporters, ChongLi's ghost, novice TrRe
D:8 1 runed translucent door, rozman's ghost, novice AtBe
D:10 2 transporters


Innate Abilities, Weirdness & Mutations

You have a pair of horns on your head.
You reflexively headbutt those who attack you in melee.


Message History

Unknown command.
Something unexpectedly blocks you, preventing you from rampaging!
You closely miss something. Your headbutt misses something. You hit something.
You closely miss the vampire.
Something hits you but does no damage. x2
The vampire hits you but does no damage.
The vampire closely misses you. You block something's attack.
Something hits you but does no damage. You block the vampire's attack.
The vampire barely misses you.
Unknown command.
Something unexpectedly blocks you, preventing you from rampaging!
You miss something. You headbutt something. You slash something!
You hit the vampire but do no damage. Something hits you.
* * * LOW HITPOINT WARNING * * *
You block something's attack.
Something hits you but does no damage. x2
You block the vampire's attack. The vampire closely misses you.
The boulder beetle leaps!
Unknown command.
Okay, then.
Okay, then.
Your magical effects are unravelling.
You feel magically purged.
You feel yourself speed up.
The sentinel's mark upon you fades away.
Something hits you but does no damage. x2; Something hits you.
* * * LOW HITPOINT WARNING * * *
Something hits you but does no damage. The vampire closely misses you.
You furiously retaliate!
You headbutt the vampire.
The vampire bites you but does no damage.
You block something's attack.
The boulder beetle bites you but does no damage.
The vampire hits you but does no damage.
The vampire bites you but does no damage.
Something hits you but does no damage.
You drop a scroll of teleportation.
Something hits you but does no damage. x4
The boulder beetle bites you! Elyvilon protects you from harm!
You block the vampire's attack. x2; An orc wizard opens the door.
Unknown command.
Unknown command.
Okay, then.
As you read the scroll of teleportation, it crumbles to dust.
You feel strangely unstable. Something hits you!
* * * LOW HITPOINT WARNING * * *
Something completely misses you. The boulder beetle bites you!
Elyvilon protects you from harm!
The vampire points at you and mumbles some strange words.
You resist with some effort. Something hits you.
Elyvilon protects you from harm! Something hits you.
You die...

##### ##...##
##.....##
##.§§.§?.##
##..§≈§≈...##
##B..≈§.≈§...##
#.V@≈≈...≈≈...##
#.§{§≈.....≈≈...#
#...§§.......≈≈...
.o..§§.........≈...
#.#...≈≈...$...≈≈...
# ##...≈≈.....≈≈...#
##...≈≈...≈≈...##
##...≈≈.≈≈...##
##...≈.≈...##


You could see a boulder beetle, a vampire and an orc wizard.

Vanquished Creatures
  2 two-headed ogres (D:9)
  Pikel (D:5)
  Jeremiah (D:8)
  Maggie (D:8)
  2 komodo dragons (D:9)
  A troll (D:7)
  2 wyverns (D:9)
  A basilisk (D:9)
  3 steam dragons
  Grum (D:8)
  Menkaure (D:5)
  3 water moccasins
  3 sky beasts
  2 orc warriors (D:9)
  3 ice beasts
  3 wolves (D:8)
  2 centaurs (D:6)
  4 phantoms
  2 lemures (D:5)
  4 bullfrogs
  A gnoll sergeant (D:6)
  A scorpion (D:6)
  5 wights (D:8)
  3 killer bees (D:9)
  3 howler monkeys (D:9)
  2 bombardier beetles
  5 jellies
  2 hounds
  6 orc priests
  2 sleepcaps
  Terence (D:1)
  2 iguanas (D:4)
  7 orc wizards
  9 adders
  16 gnolls
  2 white imps
  3 dart slugs (D:3)
  4 ribbon worms
  30 orcs
  6 endoplasms
  3 giant cockroaches
  5 goblins
  6 hobgoblins
  12 kobolds
  3 quokkas
  6 ball pythons
  4 bats
  2 frilled lizards
  3 rats
196 creatures vanquished.

Notes
Turn   | Place    | Note
-------+----------+-------------------------------------------
     0 | D:1      | shadowrider38 the Minotaur Fighter began the quest for the
                  | Orb.
     0 | D:1      | Reached XP level 1. HP: 19/19 MP: 0/0
   201 | D:1      | Reached XP level 2. HP: 27/27 MP: 1/1
   310 | D:1      | Found Etu Most's Armour Emporium.
   357 | D:1      | Reached skill level 3 in Axes
   769 | D:2      | Noticed Terence
   788 | D:2      | HP: 1/27 [poisoned by an adder]
  1034 | D:1      | Reached XP level 3. HP: 8/33 MP: 2/2
  1035 | D:1      | Killed Terence
  1195 | D:2      | Reached XP level 4. HP: 40/40 MP: 3/3
  1311 | D:2      | Found a faded altar of an unknown god.
  1697 | D:3      | Reached skill level 4 in Axes
  2340 | D:4      | Noticed a phantom
  2352 | D:4      | Killed a phantom
  2353 | D:4      | Reached XP level 5. HP: 47/47 MP: 4/4
  2363 | D:4      | Reached skill level 5 in Axes
  2367 | D:4      | Reached XP level 6. HP: 40/55 MP: 5/5
  2442 | D:4      | Found a white marble altar of Elyvilon.
  2462 | D:4      | Noticed a sky beast
  2474 | D:4      | Killed a sky beast
  2494 | D:4      | Became a worshipper of Elyvilon the Healer
  2611 | D:4      | Noticed a small abomination
  2697 | D:4      | Found a transporter.
  2703 | D:4      | Found a transporter.
  2711 | D:4      | Found a one-way gate to the infinite horrors of the Abyss.
  2711 | D:4      | Noticed ChongLi's ghost (novice TrRe)
  3115 | D:5      | Entered Level 5 of the Dungeon
  3115 | D:5      | Noticed an ice beast
  3119 | D:5      | Killed an ice beast
  3120 | D:5      | Reached skill level 6 in Axes
  3120 | D:5      | Reached XP level 7. HP: 61/61 MP: 6/6
  3257 | D:5      | Reached * piety under Elyvilon
  3323 | D:5      | Found a staircase to the Ecumenical Temple.
  3499 | D:5      | Noticed Menkaure
  3508 | D:5      | Killed Menkaure
  3784 | D:5      | Noticed Pikel
  3793 | D:5      | Killed Pikel
  3794 | D:5      | Reached skill level 7 in Axes
  3794 | D:5      | Reached XP level 8. HP: 15/71 MP: 7/7
  4332 | D:5      | Reached skill level 8 in Axes
  4430 | D:6      | Found Rajer's Distillery.
  4482 | D:6      | Bought a potion of heal wounds for 65 gold pieces
  4482 | D:6      | Bought a potion of curing for 39 gold pieces
  4484 | D:6      | Found Ommi's Book Shop.
  4595 | D:6      | Found a snail-covered altar of Cheibriados.
  4712 | D:6      | Found Kyackesk's Assorted Antiques.
  4721 | D:6      | Bought a scroll labelled UKKYOKH LIMME for 18 gold pieces
  4721 | D:6      | Bought a bloodstained chain mail for 171 gold pieces
  4721 | D:6      | Identified the +4 chain mail "Yjeulubb" {Rampage rC+} (You
                  | bought it in a shop on level 6 of the Dungeon)
  4735 | D:6      | Bought a fizzy golden potion for 16 gold pieces
  4735 | D:6      | Bought a lumpy inky potion for 16 gold pieces
  4735 | D:6      | Bought a murky cyan potion for 16 gold pieces
  4779 | D:6      | Reached ** piety under Elyvilon
  4805 | D:6      | Reached skill level 9 in Axes
  5020 | D:6      | Found a basalt altar of Yredelemnul.
  5040 | D:6      | Found a blossoming altar of Fedhas.
  5065 | D:6      | Reached XP level 9. HP: 71/79 MP: 8/8
  5207 | D:6      | Found an ornate altar of the Wu Jian Council.
  5705 | D:7      | Reached skill level 10 in Axes
  5762 | D:7      | Noticed a troll
  5767 | D:7      | Killed a troll
  5772 | D:7      | HP: 2/81 [water moccasin (6)]
  5773 | D:7      | Elyvilon protects you from harm!
  5773 | D:7      | Elyvilon protects you from harm!
  6016 | D:7      | Reached *** piety under Elyvilon
  6290 | D:8      | Found a runed translucent door.
  6290 | D:8      | Noticed rozman's ghost (novice AtBe)
  6336 | D:8      | Noticed Maggie
  6343 | D:8      | Killed Maggie
  6358 | D:8      | Reached skill level 11 in Axes
  6557 | D:8      | Reached XP level 10. HP: 87/89 MP: 9/9
  6579 | D:8      | Noticed a rust devil
  6602 | D:8      | Noticed a rust devil
  6626 | D:8      | Noticed Grum
  6633 | D:8      | Killed Grum
  6822 | D:8      | Noticed Jeremiah
  6831 | D:8      | Killed Jeremiah
  7178 | D:8      | Found a glowing silver altar of Zin.
  7382 | D:9      | Reached **** piety under Elyvilon
  7406 | D:9      | Noticed a two-headed ogre
  7411 | D:9      | Killed a two-headed ogre
  7412 | D:9      | Reached skill level 9 in Fighting
  7412 | D:9      | Reached skill level 12 in Axes
  7412 | D:9      | Reached skill level 9 in Armour
  7412 | D:9      | Reached skill level 9 in Shields
  7425 | D:9      | Elyvilon protects you from harm!
  7426 | D:9      | HP: 3/91 [orc warrior/+0 trident (3)]
  7769 | D:9      | Noticed a two-headed ogre
  7775 | D:9      | Killed a two-headed ogre
  8165 | D:9      | Found a staircase to the Lair.
  8358 | D:9      | Found Nihoreeq's Overcharged Wands.
  8409 | D:9      | Reached skill level 13 in Axes
  8613 | D:10     | Entered Level 10 of the Dungeon
  8633 | D:10     | Found a transporter.
  8645 | D:10     | Noticed a fire crab
  8658 | D:10     | Found a transporter.
  8666 | D:10     | Noticed a death knight
  8667 | D:10     | Noticed a fire crab
  8673 | D:10     | Noticed a boulder beetle
  8680 | D:10     | Elyvilon protects you from harm!
  8681 | D:10     | HP: 4/93 [something (9)]
  8681 | D:10     | Elyvilon protects you from harm!
  8681 | D:10     | Elyvilon protects you from harm!
  8681 | D:10     | Slain by an unseen horror

Illustrated notes

Levels and vault maps discovered:
D:1:      matt_arrival_refuge, layout_loops_ring, serial_shops,
          nicolae_shop_real_fake_doors
D:2:      layout_rooms, chequers_ecumenical_altar_simple_redux,
          kennysheep_generic_room_8, uniq_terence
D:3:      layout_loops_ring
D:4:      layout_gridville, mainiacjoe_overflow_concentric_impassable,
          gammafunk_ghost_abyssal_escape
D:5:      corexii_shack_village, layout_basic, minmay_temple_entry_overgrown,
          uniq_pikel, uniq_menkaure
D:6:      layout_cave_pools, cheibriados_altar_1, marbit_many_paths,
          mainiacjoe_overflow_catwalk_spiral, serial_shops, shop, shop, shop,
          serial_park_tiny_1, minmay_misc_feat_more_columns
D:7:      layout_cave_pools
D:8:      cheibrodos_iron_armory, layout_loops_ring, zin_statuary,
          gammafunk_ghost_grave, kennysheep_generic_room_11, uniq_grum,
          uniq_jeremiah, uniq_maggie
D:9:      layout_small_grid, erik_lair_dragon, corner_web_ring,
          nicolae_shop_overcharged_wands
D:10:     gammafunk_wand_slinger, layout_rooms, minmay_orc_entry_temple_small,
          kennysheep_diamond

Skill      XL: |  1  2  3  4  5  6  7  8  9 10 |
---------------+-------------------------------+-----
Axes           | 3 4 5 6 7 9 11 13 | 13.0
Fighting       | 4 5 6 7 8 9 |  9.8
Armour         | 4 5 6 7 8 9 |  9.8
Shields        | 4 5 6 7 8 9 |  9.9

Action                     |  1- 3 |  4- 6 |  7- 9 | 10-12 || total
---------------------------+-------+-------+-------+-------++-------
  Melee: War axe           |    52 |   101 |   168 |    78 ||   399
         Unarmed           |    18 |       |       |       ||    18
         Headbutt          |    10 |    15 |    43 |    10 ||    78
 Invoke: Heal Self         |       |       |     1 |     3 ||     4
  Evoke: Wand              |       |       |       |     9 ||     9
    Use: Potion            |     1 |       |     3 |     2 ||     6
         Scroll            |       |       |     8 |    10 ||    18
 Armour: Scale mail        |    46 |    59 |    74 |       ||   179
         Skin              |    14 |       |       |       ||    14
         Chain mail        |       |       |    97 |   131 ||   228
  Dodge: Dodged            |    64 |    45 |    71 |    41 ||   221
  Block: Buckler           |    15 |    32 |    59 |    37 ||   143
